 Dungeon Crawl Stone Soup version bcrawl-1.13-2-g5ca86534bc (webtiles) character file.

Game seed: 2084166452063939503

98 Chiseanne the Sneak (level 4, -7/28 HPs)
             Began as a Skeleton Archaeologist on July 30, 2019.
             Killed by divine providence
             ... invoked by an orc priest
              (9 damage)
             ... on level 2 of the Dungeon.
             The game lasted 00:03:52 (2151 turns).

Chiseanne the Sneak (Skeleton Archaeologist)        Turns: 2151, Time: 00:03:53

Health: -7/28      AC:  6    Str: 18    XL:     4   Next: 43%
Magic:  0/13       EV: 12    Int: 13    God:
Gold:   66         SH:  0    Dex:  7    Spells: 3/3 levels left

rFire    . . .     SeeInvis .   s - +0 mace
rCold    + . .     Gourm    .   (no shield)
rNeg     + + +     Faith    .   b - +1 robe
rPois    ∞         Spirit   +   c - +1 hat
rElec    .         Reflect  .   (no cloak)
rCorr    .         Harm     .   (no gloves)
MR       .....                  d - +1 pair of boots
Stlth    +++.......             (no amulet)
HPRegen  0.09/turn              l - ring of magical power
MPRegen  0.13/turn              (no ring)

@: studying Stealth
A: no food or potions, cold resistance 1, deterioration 1, negative energy
resistance 3, torment resistance, unbreathing, magic shield, sturdy frame 1,
spell healing
a: no special abilities


You were on level 2 of the Dungeon.
You were not hungry.

You visited 1 branch of the dungeon, and saw 2 of its levels.

You collected 66 gold pieces.

Inventory:

Hand Weapons
 a - a +0 short sword
 s - a +0 mace (weapon)
Missiles
 h - 541 arrows
 j - 283 stones (quivered)
 k - 147 sling bullets
Armour
 b - a +1 robe (worn)
 c - a +1 hat (worn)
 d - a +1 pair of boots (worn)
Jewellery
 f - an uncursed ring of flight {unknown}
 l - a ring of magical power (left hand)
 n - an uncursed ring of stealth {unknown}
Scrolls
 i - a scroll of blinking
 m - 2 scrolls of teleportation
Books
 e - a manual of Stealth
Miscellaneous
 g - an ancient crate


   Skills:
 - Level 3.0 Fighting
 - Level 1.2 Maces & Flails
 - Level 3.0 Dodging
 + Level 6.5 Stealth


You had 3 spell levels left.
You didn't know any spells.
Your spell library was empty.

Dungeon Overview and Level Annotations

Branches:
Dungeon (2/12)

Altars:


Innate Abilities, Weirdness & Mutations

You do not eat or drink.
You are immune to poison.
Your flesh is cold resistant. (rC+)
Your body sometimes deteriorates upon taking damage.
You are immune to negative energy. (rN+++)
You are immune to unholy pain and torment.
You can survive without breathing.
When hurt, damage is shared between your health and your magic reserves.
Your movements are slightly less encumbered by armour. (ER -2)
Casting spells heals you.


Message History

You hit the orc wizard.
The orc wizard is almost dead.
The orc wizard barely misses you.
The orc wizard mumbles some strange words.
The orc wizard flickers and vanishes!
Deactivating autopickup; reactivate with Ctrl-A.
You miss something. Something hits you but does no damage.
You hear some strange, mumbled words.
A magic dart appears from out of thin air!
The magic dart hits you!
* * * LOW HITPOINT WARNING * * *
You hit something.
Reactivating autopickup.
You feel your dexterity returning.
Your Stealth skill increases to level 6!
You feel a bit more experienced. The orc priest closely misses you.
You closely miss the orc priest.
The orc priest calls down the wrath of Beogh upon you.
Beogh smites you!
You die...

####..###############*
##.############.#
#.......o.......#
#..>###########o#
#.#.#........>#.#
#.#.#.#######.#.#
#.#.#<........#.#
#.#.#.#########.#
####.#.#........@o.#
.....#.#############
####.#.# ######.#
.......# ########


You could see an orc priest.

Vanquished Creatures
  An orc wizard (D:2)
  An iguana (D:2)
  3 dart slugs
  2 leopard geckos (D:1)
  6 bats
  A giant cockroach (D:1)
  3 hobgoblins
  5 jackals (D:1)
  2 ball pythons
  A frilled lizard (D:1)
  5 kobolds
  4 rats
34 creatures vanquished.

Notes
Turn   | Place    | Note
-------+----------+-------------------------------------------
     0 | D:1      | Chiseanne the Skeleton Archaeologist began the quest for
                  | the Orb.
     0 | D:1      | Reached XP level 1. HP: 12/12 MP: 1/1
   465 | D:1      | Reached XP level 2. HP: 13/17 MP: 2/2
   852 | D:1      | Reached XP level 3. HP: 18/23 MP: 3/3
  1129 | D:2      | Reached skill level 5 in Stealth
  1719 | D:2      | Reached XP level 4. HP: 28/28 MP: 4/4
  2149 | D:2      | HP: 1/28 [something/magic dart (3)]
  2150 | D:2      | Reached skill level 6 in Stealth
  2151 | D:2      | Killed from afar by an orc priest

Skill      XL: |  1  2  3  4 |
---------------+-------------+-----
Fighting       | 2 3 |  3.0
Stealth        | 5 6 |  6.5
Maces & Flails | |  1.2
Dodging        | |  3.0

Action                   |  1- 3 |  4- 6 || total
-------------------------+-------+-------++-------
Melee: Whip              |   110 |       ||   110
       Mace              |    26 |    20 ||    46
       Short sword       |    14 |     4 ||    18
Throw: Stone             |     2 |     1 ||     3
  Use: Scroll            |     5 |       ||     5
 Stab: Sleeping          |     6 |       ||     6
Armor: Robe              |    54 |     7 ||    61
Dodge: Dodged            |   103 |    12 ||   115
